 Dungeon Crawl Stone Soup version 0.28-a0-206-gc2c9e32840 (webtiles) character file.

Game seed: 674356162090610133

34 tatocazan the Bolt Thrower (level 3, -2/22 HPs)
             Began as a Kobold Hunter on Aug 20, 2021.
             Slain by a jackal (3 damage)
             ... on level 1 of the Dungeon.
             The game lasted 00:01:53 (1267 turns).

tatocazan the Bolt Thrower (Kobold Hunter)          Turns: 1267, Time: 00:01:54

Health: -2/22      AC:  3    Str:  7 (9)  XL:     3   Next: 50%
Magic:  3/3        EV: 14    Int: 10 (12) God:
Gold:   52         SH:  0    Dex: 14 (16) Spells: 2/2 levels left

rFire   . . .      SeeInvis .   f - +1 dagger (freeze)
rCold   . . .      Faith    .   (shield restricted)
rNeg    . . .      Spirit   .   c - +0 leather armour
rPois   .          Reflect  .   (no helmet)
rElec   .          Harm     .   (no cloak)
rCorr   .          Rampage  .   (no gloves)
Will    .....                   (no boots)
Stlth   +++.......              (no amulet)
HPRegen 0.07/turn               (no ring)
MPRegen 0.08/turn               (no ring)

@: no status effects
A: small, no large weapons, nightstalker 3
a: no special abilities


You were on level 1 of the Dungeon.
You visited 1 branch of the dungeon, and saw 2 of its levels.

You collected 52 gold pieces.

Inventory:

Hand Weapons
 a - a +1 hand crossbow
 b - a +0 short sword
 f - a +1 dagger of freezing (weapon)
Missiles
 d - 19 bolts
Armour
 c - a +0 leather armour (worn)
Jewellery
 e - a ring of wizardry
Scrolls
 h - a scroll of blinking {unknown}


   Skills:
 + Level 2.6 Fighting
 + Level 5.1 Crossbows
 + Level 2.9 Dodging
 * Level 3.0 Stealth


You had 2 spell levels left.
You didn't know any spells.
Your spell library was empty.

Dungeon Overview and Level Annotations

Branches:
Dungeon (2/15)

Altars:


Innate Abilities, Weirdness & Mutations

You are small and have problems with some larger weapons.
You are completely attuned to the shadows.


Message History

The jackal misses you.
You hit the jackal but do no damage. The jackal barely misses you. x2
The jackal barely misses you. x2
The jackal bites you but does no damage.
The jackal barely misses you. The jackal bites you.
* * * LOW HITPOINT WARNING * * *
You take 2 damage, and have 3/22 hp.
The jackal bites you but does no damage.
The jackal bites you.
* * * LOW HITPOINT WARNING * * *
You take 2 damage, and have 1/22 hp.
The jackal completely misses you.
It was a potion of degeneration.
There was something very wrong with that liquid.
You feel weakened.
You feel dopey.
You feel clumsy.
The jackal bites you but does no damage.
The jackal closely misses you. The jackal closely misses you.
The jackal misses you. The jackal barely misses you. The jackal misses you.
There is a stone staircase leading up here.
The jackal bites you.
* * * LOW HITPOINT WARNING * * *
The jackal closely misses you.
You climb upwards.
There is a stone staircase leading down here.
You take 1 damage, and have 1/22 hp.
You hit the jackal. You freeze the jackal.
The jackal is almost dead.
The jackal closely misses you. x2
You hit the jackal. You freeze the jackal.
You kill the jackal!
The jackal misses you.
The jackal bites you but does no damage.
The jackal bites you but does no damage.
You hit the jackal. You freeze the jackal.
The jackal is moderately wounded.
The jackal closely misses you. The jackal bites you.
You die...

#>############ ##.# #..≈≈≈≈.≈≈
#.# #.# #..≈≈≈≈)≈≈ #.# #.#
#..≈≈≈≈.≈≈ #.# #.# #..P≈≈...≈
#.### #.# #......... ....# #.#
#......<.. #.#.# #.# ##........
#.#.##############.# #.P≈≈...≈
#............>.h@..# #.≈≈≈≈.≈≈
###.####.##.#####..# #.≈≈≈≈.≈≈
#.# #.##.# #..# ##.≈≈≈≈.≈≈ #.#
#.##.# #..# #..≈≈≈≈.≈≈ #.#
#.##.# #..#####..≈≈≈≈.≈≈ #.#
#.##.#####..#......≈≈≈≈.≈≈
#.####.##.##.......####.≈≈≈≈.≈≈
#.##......##.##..### #.≈≈≈≈.≈≈
#.##.......#.##..# #.P≈≈P.P≈


You could see a jackal.

Vanquished Creatures
  An adder (D:2)
  2 ball pythons (D:1)
  5 bats (D:1)
  3 endoplasms
  2 goblins (D:1)
  2 hobgoblins (D:1)
  A jackal (D:1)
  A frilled lizard (D:1)
  4 kobolds (D:1)
  3 rats (D:1)
24 creatures vanquished.

Vanquished Creatures (others)
  4 plants (D:1)
4 creatures vanquished.

Grand Total: 28 creatures vanquished

Notes
Turn   | Place    | Note
-------+----------+-------------------------------------------
     0 | D:1      | tatocazan the Kobold Hunter began the quest for the Orb.
     0 | D:1      | Reached XP level 1. HP: 12/12 MP: 1/1
   275 | D:1      | Reached XP level 2. HP: 18/18 MP: 2/2
   473 | D:1      | Reached skill level 5 in Crossbows
   534 | D:1      | Found a faded altar of an unknown god.
   945 | D:1      | Reached XP level 3. HP: 22/22 MP: 3/3
  1249 | D:2      | HP: 1/22 [jackal (2)]
  1260 | D:2      | HP: 1/22 [jackal (1)]
  1267 | D:1      | Slain by a jackal

Illustrated notes

Levels and vault maps discovered:
D:1:      giann_bridges, layout_loops_ring,
          hellmonk_ecumenical_altar_arch_garden, serial_bayou_lagoon_a
D:2:      layout_rooms, chequers_serial_rivers_micro_e, minmay_guardbox

Skill      XL: |  1  2  3 |
---------------+----------+-----
Stealth        | 2 3 |  3.0
Crossbows      | 5 |  5.1
Fighting       | |  2.6
Dodging        | |  2.9

Action                   || total
-------------------------++-------
Melee: Dagger            ||    47
 Fire: Hand crossbow     ||    18
  Use: Potion            ||     1
 Stab: Sleeping          ||     9
Armor: Leather armour    ||    18
Dodge: Dodged            ||    78

Table legend: (Time is in decaauts)
 A = Elapsed time spent in this place.
 B = Non-inter-level travel time spent in this place.
 C = Inter-level travel time spent in this place.
 D = Time resting spent in this place.
 E = Time spent auto-exploring this place.
 F = Levels seen in this place.
 G = Mean time per level.
                   A        B        C        D        E       F      G
               +--------+--------+--------+--------+--------+-----+--------+
         Total |   1294 |   1270 |     24 |    139 |    938 |   2 |  647.0 |
       Dungeon |   1294 |   1270 |     24 |    139 |    938 |   2 |  647.0 |
               +--------+--------+--------+--------+--------+-----+--------+

Top non-repeatable levels by time:
     D:1: 1221 daAuts
     D:2: 72 daAuts
